 Dungeon Crawl Stone Soup version 0.17.0-18-gaab0e96 (webtiles) character file.

244 TruthSerum the Cudgeler (level 6, -10/102 HPs)
             Began as an Ogre Berserker on Nov 11, 2015.
             Was a Priest of Trog.
             Mangled by a gnoll
             ... wielding a +0 flail of protection
              (12 damage)
             ... on level 4 of the Dungeon.
             The game lasted 00:14:56 (2401 turns).

TruthSerum the Cudgeler (Ogre Berserker)            Turns: 2401, Time: 00:14:59

Health: -10/102    AC:  3    Str: 28      XL:     6   Next: 10%
Magic:  6/6        EV: 10    Int:  5 (6)  God:    Trog [***...]
Gold:   157        SH:  0    Dex: 11      Spells: 0 memorised, 5 levels left

rFire  . . .     SeeInvis .     a - +0 flail
rCold  . . .     Clarity  .     b - +0 animal skin
rNeg   . . .     SustAt   .     (no shield)
rPois  .         Gourm    .     (helmet restricted)
rElec  .         Spirit   .     (no cloak)
rCorr  .         Warding  .     (gloves unavailable)
rMut   .         Stasis   .     (boots unavailable)
MR     .....                    (no amulet)
Stlth  ..........               (no ring)
                                (no ring)

@: berserking (expiring), lethally poisoned (-10 -> -10), very quick, not
resistant to hostile enchantments, extremely unstealthy
A: unfitting armour, tough skin 1
a: Berserk, Trog's Hand, Burn Spellbooks, Renounce Religion


You were on level 4 of the Dungeon.
You worshipped Trog.
Trog was most pleased with you.
You were not hungry.

You visited 1 branch of the dungeon, and saw 4 of its levels.

You collected 157 gold pieces.

Inventory:

Hand Weapons
 a - a +0 flail (weapon)
Armour
 b - a +0 animal skin (worn)
Wands
 s - a wand of disintegration (20)
Scrolls
 d - 3 scrolls of teleportation {unknown}
 g - a scroll of recharging {unknown}
 i - 5 scrolls of identify {unknown}
 n - a scroll of remove curse {unknown}
 o - a scroll of fog {unknown}
 q - a scroll of enchant weapon {unknown}
 r - a scroll of fear {unknown}
Potions
 e - 2 potions of ambrosia {unknown}
 f - a potion of heal wounds {unknown}
 h - a potion of brilliance
 k - a potion of might {unknown}
 p - a potion of agility {unknown}
Comestibles
 c - 2 bread rations
 j - 2 fruits
 l - a royal jelly
 m - 9 chunks of flesh


   Skills:
 + Level 6.7 Fighting
 + Level 6.8 Maces & Flails
 - Level 2.6 Dodging


You had 5 spell levels left.
You didn't know any spells.

Dungeon Overview and Level Annotations

Branches:
Dungeon (4/15)             Temple (0/1) D:4

Altars:
Makhleb


Innate Abilities, Weirdness & Mutations

You are too large for most types of armour.
You have tough skin (AC +1).


Message History

* * * LOW HITPOINT WARNING * * *
The gnoll drinks a potion.
The gnoll flickers and vanishes!
Deactivating autopickup; reactivate with Ctrl-A.
You closely miss the gnoll.
The gnoll is severely wounded.
The gnoll hits you but does no damage. The gnoll hits you.
* * * LOW HITPOINT WARNING * * *
You hit the gnoll.
The gnoll is almost dead.
You feel sick. The gnoll hits you but does no damage. Something hits you.
* * * LOW HITPOINT WARNING * * *
A gnoll comes into view. It is wielding a whip.
The gnoll shouts!
You bludgeon the gnoll!!
You kill the gnoll!
Trog accepts your kill.
The gnoll hits you from afar with a spear!
* * * LOW HITPOINT WARNING * * *
The gnoll hits you with a flail of protection!
You die...

'....g #....# #..g.#
#....# #.gg.# #g{g.#
#############')g'#######
#.............@.........
###≈≈≈≈≈≈≈≈≈≈≈†....≈≈≈≈≈≈≈
≈≈≈≈≈≈≈≈≈≈≈≈≈≈≈....≈≈≈≈≈≈≈
≈≈≈≈≈≈≈≈≈≈≈≈≈≈≈....≈≈≈≈≈≈≈
...................)......
....................>.....
......#.)#..#.#.##+#..#...
.........##.#.... ..# ..
..........#.#.... ... .


You could see a gnoll shaman and 6 gnolls.

Vanquished Creatures
  9 gnolls
  9 adders
  A worm (D:3)
  A giant gecko (D:3)
  6 orcs (D:3)
  7 bats
  5 giant cockroaches
  6 goblins
  5 hobgoblins
  6 jackals
  4 kobolds
  A quokka (D:2)
  A ball python (D:3)
  2 giant newts
  10 rats
73 creatures vanquished.

Notes
Turn   | Place    | Note
--------------------------------------------------------------
     0 | D:1      | TruthSerum the Ogre Berserker began the quest for the Orb.
     0 | D:1      | Reached XP level 1. HP: 24/24 MP: 1/1
   199 | D:1      | Reached XP level 2. HP: 21/33 MP: 2/2
   391 | D:1      | Reached XP level 3. HP: 33/40 MP: 3/3
   425 | D:1      | Reached ** piety under Trog
   653 | D:2      | Found a burning altar of Makhleb.
   686 | D:2      | Reached skill level 5 in Maces & Flails
   772 | D:2      | Reached skill level 5 in Fighting
   791 | D:2      | HP: 2/42 [poisoned by an adder]
  1292 | D:2      | Reached XP level 4. HP: 50/50 MP: 4/4
  1692 | D:3      | Reached XP level 5. HP: 59/59 MP: 5/5
  1740 | D:3      | Reached skill level 6 in Maces & Flails
  1900 | D:3      | Reached *** piety under Trog
  2171 | D:4      | Found a staircase to the Ecumenical Temple.
  2394 | D:4      | Reached XP level 6. HP: 50/68 MP: 6/6
  2401 | D:4      | HP: 2/102 [gnoll/spear (10)]
  2401 | D:4      | Mangled by a gnoll

Action                   |  1- 3 |  4- 6 || total
-------------------------+-------+-------++-------
Melee: Mace              |   101 |    59 ||   160
       Flail             |       |    76 ||    76
Invok: Berserk           |       |     2 ||     2
  Use: Potion            |     3 |       ||     3
 Stab: Sleeping          |     2 |     1 ||     3
  Eat: Chunk             |     1 |     5 ||     6
